 Dungeon Crawl Stone Soup version 0.15.2 (webtiles) character file.

1503 tutankhtabmun the Insei (level 8, -7/64 HPs)
             Began as a Mummy Monk on Dec 14, 2015.
             Mangled by a deep elf mage
             ... wielding a +0 long sword
              (9 damage)
             ... on Level 7 of the Dungeon.
             The game lasted 00:14:33 (7389 turns).

tutankhtabmun the Insei (Mummy Monk)                Turns: 7389, Time: 00:14:33

HP  -7/64        AC  7     Str 14      XL: 8   Next: 52%
MP   8/8         EV 14     Int  9      God:
Gold 214         SH  0     Dex 16      Spells:  0 memorised,  7 levels left

rFire  x x .     SeeInvis .       - Unarmed
rCold  + + .     Clarity  .     a - +0 robe
rNeg   + + +     rCorr    .     (no shield)
rPois  +         rRot     +     (no helmet)
rElec  .         Spirit   .     b - +1 cloak
SustAb .         Warding  .     c - +2 pair of gloves
rMut   .         Stasis   .     (no boots)
Gourm  .                        (no amulet)
MR     +....                    (no ring)
                                h - ring of ice

@: somewhat resistant to hostile enchantments, fairly stealthy
A: no food or potions, fire vulnerability, restore body, cold resistance 1,
negative energy resistance 3, poison resistance, torment resistance, unbreathing
a: no special abilities


You were on level 7 of the Dungeon.
You were not hungry.

You visited 1 branch of the dungeon, and saw 7 of its levels.

You collected 214 gold pieces.

Inventory:

Armour
 a - a +0 robe (worn)
 b - a +1 cloak (worn)
 c - a +2 pair of gloves (worn)
Comestibles
 f - 5 fruits (quivered)
 g - 2 meat rations
 l - a slice of pizza
Scrolls
 e - 3 scrolls of remove curse
 i - a scroll of enchant weapon
 j - a scroll of magic mapping
 k - 2 scrolls of random uselessness
Jewellery
 h - a ring of ice (left hand)
 m - the amulet of the Ancients {rMut Str+1 Int+4}
   (You found it on level 6 of the Dungeon)

   [amulet of resist mutation]

   It protects you from mutation.
   It affects your strength (+1).
   It affects your intelligence (+4).


   Skills:
 - Level 6.0 Fighting
 + Level 4.2 Dodging
 + Level 4.2 Stealth
 * Level 6.7 Unarmed Combat


You had 7 spell levels left.
You didn't know any spells.

Dungeon Overview and Level Annotations

Branches:
Dungeon (7/15)
 Temple: D:4-7

Altars:
Fedhas
Yredelemnul
The Shining One

Annotations:
D:2 exclusion: downstairs
D:3 exclusion: oklob plant, Sigmund
D:4 exclusions: ogre and skeleton
D:5 Grinder


Innate Abilities, Weirdness & Mutations

You do not eat or drink.
Your flesh is vulnerable to fire.
Your flesh is cold resistant.
You are immune to negative energy.
Your system is resistant to poisons.
You are immune to unholy pain and torment.
You can survive without breathing.


Message History

Unknown command.
Unknown command.
Unknown command.
Unknown command.
Unknown command.
The deep elf mage casts a spell at you. The shard of ice hits you!
You partially resist.
* * * LOW HITPOINT WARNING * * *
The deep elf mage points at you and mumbles some strange words.
The shard of ice misses you.
Found 8 gold pieces.
You repair your equipment.
The deep elf mage gestures at you while chanting.
The shard of ice hits you! You partially resist.
* * * LOW HITPOINT WARNING * * *
The deep elf mage hits you but does no damage.
You barely miss the deep elf mage.
The deep elf mage is heavily wounded.
The deep elf mage hits you with a long sword!
You die...

##############
#.......e.....
###############.##########.#
...........e@..#.####
#####.#.#####......#
###.#.#######!##.#
#.......e.....##.#
#.#(#.##########.# #.#.# #.#
# #.# #.# ..# #.# # ..# #.#
#######


You could see a deep elf mage.

Vanquished Creatures
  An ice beast (D:7)
  A phantom (D:5)
  2 sky beasts (D:5)
  3 ogres (D:6)
  A big kobold (D:7)
  2 giant frogs
  A scorpion (D:6)
  4 crimson imps
  A jelly (D:7)
  2 hounds
  A goliath beetle (D:6)
  A giant frog skeleton (D:6)
  3 worker ants
  An iguana (D:5)
  9 adders
  A giant mite (D:6)
  3 gnolls (D:5)
  A worm (D:3)
  2 orc zombies (D:6)
  3 oozes
  11 orcs
  16 bats
  2 bat skeletons
  A giant cockroach (D:2)
  8 goblins
  9 hobgoblins
  7 jackals (D:5)
  2 quokkas
  3 giant geckos
  7 giant newts
  10 kobolds
  A kobold skeleton (D:6)
  2 orc skeletons
  12 rats
134 creatures vanquished.

Notes
Turn   | Place    | Note
--------------------------------------------------------------
     0 | D:1      | tutankhtabmun, the Mummy Monk, began the quest for the Orb.
     0 | D:1      | Reached XP level 1. HP: 18/18 MP: 1/1
   365 | D:1      | Reached XP level 2. HP: 24/24 MP: 2/2
  1018 | D:2      | Reached skill level 4 in Unarmed Combat
  1255 | D:2      | Reached XP level 3. HP: 27/29 MP: 3/3
  1847 | D:3      | Found a glowing golden altar of the Shining One.
  1929 | D:3      | Reached XP level 4. HP: 35/35 MP: 4/4
  1963 | D:3      | Noticed Sigmund
  2149 | D:4      | Noticed an ogre
  2643 | D:3      | Reached skill level 5 in Unarmed Combat
  3063 | D:3      | Found a blossoming altar of Fedhas.
  3089 | D:3      | Noticed an oklob plant
  3294 | D:4      | Reached XP level 5. HP: 30/41 MP: 5/5
  3784 | D:5      | Entered Level 5 of the Dungeon
  4160 | D:5      | Noticed a sky beast
  4407 | D:5      | Reached XP level 6. HP: 47/47 MP: 6/6
  4437 | D:5      | Reached skill level 6 in Unarmed Combat
  4467 | D:5      | Noticed Grinder
  4682 | D:5      | Killed a sky beast
  5092 | D:5      | Reached XP level 7. HP: 15/55 MP: 7/7
  5471 | D:5      | Noticed a sky beast
  5489 | D:5      | Killed a sky beast
  5489 | D:5      | Reached skill level 5 in Fighting
  6404 | D:6      | Reached XP level 8. HP: 48/64 MP: 8/8
  6866 | D:6      | Got a glittering emerald amulet
  6867 | D:6      | Identified the amulet of the Ancients {rMut Str+1 Int+4} (You found it on level 6 of the Dungeon)
  7188 | D:7      | Found a basalt altar of Yredelemnul.
  7387 | D:7      | HP: 2/64 [deep elf mage/shard of ice (14)]
  7389 | D:7      | Mangled by a deep elf mage

Action                   |  1- 3 |  4- 6 |  7- 9 || total
-------------------------+-------+-------+-------++-------
Melee: Unarmed           |   183 |   318 |   307 ||   808
  Use: Scroll            |       |     4 |     3 ||     7
 Stab: Sleeping          |     2 |     3 |       ||     5
       Distracted        |       |       |     1 ||     1
